Cogmind - Beta 17.1 @@@ ROGUE MODE // 2026.08.30 @ 01:08:50 Player: flowerfeast Result: Destroyed by D-53 Grenadier with Mini Grenade Launcher Performance ------------- Evolutions (0) 0 Regions Visited (4) 800 Robots Destroyed (21) 105 Value Destroyed (460) 460 Prototype IDs (23) 460 Alien Tech Used (0) 0 Bonus (260) 260 TOTAL SCORE: 2085 Bonus ------- Follower Combat Kills 77 Aligned with FarCom 300 Friendly Fire -117 Cogmind --------- Core Integrity 0/250 Matter 14/300 Energy 96/100 System Corruption 0% Temperature Cool (2) Movement Treading (160) Location -9/Mines Parts ------- > --- POWER (1) -------- (None) > --- PROPULSION (2) --- Improved Treads Improved Treads > --- UTILITY (2) ------ Small Storage Unit Power Shielding > --- WEAPON (2) ------- Mini Grenade Launcher > --- INVENTORY (8) ---- Light Treads Light Treads Improved Treads Lightpack 2.0 Mini Grenade Launcher Peak State ------------ > --- POWER ------------ Light Ion Engine > --- PROPULSION ------- Improved Treads Improved Treads > --- UTILITY ---------- Small Storage Unit Power Shielding > --- WEAPON ----------- Mini Grenade Launcher Mini Grenade Launcher > --- INVENTORY -------- Light Treads Light Treads Improved Treads Improved Treads Lightpack 2.0 Mini Grenade Launcher [Rating: 14] Favorites ----------- Power Light Ion Engine Engine Light Ion Engine Propulsion Improved Treads Treads Improved Treads Leg Aluminum Leg Utility Small Storage Unit Storage Small Storage Unit Protection Power Shielding Weapon Mini Grenade Launcher Energy Gun Small Laser Ballistic Gun Assault Rifle Launcher Mini Grenade Launcher Build | -11 -10 -10 -10 -9 ------- Run | Yrd Mat Min Exi Min Slots Evolved . | . . . . . Power . | . . . . . Propulsion . | . . . . . Utility . | . . . . . Weapon . | . . . . . Parts Attached 16 | 6 6 2 . 2 Power 2 | 1 . 1 . . Engine 2 | 1 . 1 . . Core . | . . . . . Reactor . | . . . . . Propulsion 6 | 2 2 . . 2 Treads 4 | . 2 . . 2 Leg 2 | 2 . . . . Wheel . | . . . . . Hover . | . . . . . Flight . | . . . . . Utility 2 | 1 1 . . . Device . | . . . . . Storage 1 | 1 . . . . Processor . | . . . . . Hackware . | . . . . . Protection 1 | . 1 . . . Artifact . | . . . . . Weapon 6 | 2 3 1 . . Energy Gun 1 | 1 . . . . Energy Cannon . | . . . . . Ballistic Gun 1 | 1 . . . . Ballistic Cannon . | . . . . . Launcher 4 | . 3 1 . . Special Weapon . | . . . . . Impact Weapon . | . . . . . Slashing Weapon . | . . . . . Piercing Weapon . | . . . . . Special Melee Weapon . | . . . . . Unidentified Prototypes . | . . . . . Parts Lost 5 | . . 2 . 3 Power 2 | . . 1 . 1 Propulsion 1 | . . . . 1 Utility . | . . . . . Weapon 2 | . . 1 . 1 Highest Loss Streak 3 | . . 1 . 3 To Critical Strikes . | . . . . . Average Backups 5 | 2 5 7 6 5 Power . | . . . . . Propulsion 3 | 1 3 4 4 3 Utility . | . . . . 1 Weapon 1 | . 1 2 1 1 Tool/Special . | . . . . . Unused Backups 5 | . 1 . . 4 Power . | . . . . . Propulsion 3 | . 1 . . 2 Utility 1 | . . . . 1 Weapon 1 | . . . . 1 Tool/Special . | . . . . . Average Slot Usage (%) 94 | . 83 100 100 91 Engine 13 | . 14 14 14 8 Treads 21 | . 7 28 28 28 Leg 6 | . 20 . . . Storage 14 | . 14 14 14 14 Protection 9 | . 1 14 14 14 Ballistic Gun 2 | . 9 . . . Launcher 23 | . 14 28 28 25 Peak Build Rating 14 | 6 12 12 14 14 Average Rating 10 | 3 7 11 12 13 On Entrance 8 | . 6 12 11 14 Avg Prop Armor Cover (%) . | . . . . . Naked Turns . | . . . . . Heaviest Build 13 | 11 13 11 11 11 Greatest Support 46 | 20 46 46 46 46 Greatest Overweight (x) . | . . . . . Average Overweight (x) . | . . . . . Largest Inventory Capacity 8 | 8 8 8 8 8 Average Capacity 7 | 7 8 8 8 8 Most Carried 8 | 5 8 8 8 8 Average Carried 6 | 2 5 7 7 7 Final Capacity 8 | 8 8 8 8 8 Final Carried 8 | 3 8 6 8 7 Class Distribution -------------------- 100% | Mutant Dominant Class ---------------- Mutant | -10/Materials Mutant | -10/Mines Mutant | -10/Exiles Mutant | -9/Mines Resources | -11 -10 -10 -10 -9 ----------- Run | Yrd Mat Min Exi Min Matter Collected 508 | 260 163 85 . . Remotely . | . . . . . Salvage Created 364 | . 219 145 . . Parts 29 | . 19 10 . . Haulers Intercepted . | . . . . . Recyclers Shooed 1 | . 1 . . . Parts Field Recycled . | . . . . . Retrieved Matter . | . . . . . Parts Self-Destructed . | . . . . . Prevented . | . . . . . Parts Restored . | . . . . . Kills | -11 -10 -10 -10 -9 ------- Run | Yrd Mat Min Exi Min Combat Hostiles Destroyed 13 | . 4 9 . . Guns 1 | . 1 . . . AOE 12 | . 3 9 . . Classes Destroyed 7 | . 5 2 . . Worker 3 | . 3 . . . Builder 1 | . . 1 . . Recycler 1 | . 1 . . . Operator 2 | . 2 . . . Watcher 1 | . 1 . . . Swarmer 5 | . . 5 . . Grunt 8 | . 4 4 . . Best Kill Streak 4 | . 4 3 . . Combat Bots Only 3 | . 2 3 . . Max Kills in Single Turn 2 | . 2 2 . . Gunslinging . | . . . . . Exploded 2 | . 1 2 . . Melee . | . . . . . Uniques/NPCs Destroyed . | . . . . . Combat | -11 -10 -10 -10 -9 -------- Run | Yrd Mat Min Exi Min Hostile Shots Fired 46 | . 6 28 . 12 Missed 9 | . 2 7 . . Hits 37 | . 4 21 . 12 Projectile 37 | . 4 21 . 12 AOE 12 | . . . . 12 Damage Taken 1058 | . 57 421 . 580 Core 299 | . 16 48 . 235 Absorbed by Shields . | . . . . . Redirected to Shielding 34 | . . 16 . 18 Core Remaining (%) 100 | 100 . . . . Volleys Fired 28 | . 14 10 . 4 Largest 2 | . 2 2 . 2 Hottest 60 | . 50 60 . 60 Shots Fired 56 | . 28 20 . 8 Gun 14 | . 14 . . . Cannon . | . . . . . Launcher 42 | . 14 20 . 8 Special . | . . . . . Kinetic 14 | . 14 . . . Thermal . | . . . . . Explosive 42 | . 14 20 . 8 Electromagnetic . | . . . . . Robot Hit Streak 5 | . 5 2 . 3 Robot Miss Streak 5 | . 2 5 . 1 Penetration Max . | . . . . . Secondary Targets . | . . . . . Shots Hit Robots 16 | . 9 3 . 4 Core Hits 34 | . 18 14 . 2 Critical Kills . | . . . . . Critical Parts Destroyed . | . . . . . Critical Strikes . | . . . . . Melee Attacks . | . . . . . Impact . | . . . . . Slashing . | . . . . . Piercing . | . . . . . Sneak Attacks . | . . . . . Combat Hostiles . | . . . . . Follow-up Attacks . | . . . . . Damage Inflicted 1683 | . 663 980 . 40 Guns 63 | . 63 . . . Cannons . | . . . . . Explosions 1612 | . 600 972 . 40 Melee . | . . . . . Ramming 8 | . . 8 . . Kinetic 63 | . 63 . . . Thermal 18 | . . 18 . . Explosive 1594 | . 600 954 . 40 Electromagnetic . | . . . . . Impact . | . . . . . Slashing . | . . . . . Piercing . | . . . . . Highest Corruption . | . . . . . Average Corruption . | . . . . . Corruption Purged . | . . . . . Corruption Blocked . | . . . . . Overload Shots . | . . . . . Overflow Damage 39 | . 2 37 . . Projectiles . | . . . . . Explosions 39 | . 2 37 . . Melee . | . . . . . Knockbacks . | . . . . . Impact . | . . . . . Kinetic . | . . . . . Secondary . | . . . . . Self-Inflicted Damage 246 | . . 179 . 67 Shots 10 | . . 6 . 4 Rammed 1 | . . 1 . . Targets Rammed 1 | . . 1 . . Kicked . | . . . . . Crushed . | . . . . . Highest Temperature 27 | . 6 27 . . Average Temperature 11 | . 3 15 . . Received Heat Transfer 108 | . 33 75 . . Siege Activations . | . . . . . Martial Activations . | . . . . . Shielding Activations . | . . . . . Robots Disrupted . | . . . . . Combat Hostiles . | . . . . . Robots Corrupted . | . . . . . Combat Hostiles . | . . . . . Parts Fried . | . . . . . Impact Corruptions . | . . . . . Robots Melted . | . . . . . Combat Hostiles . | . . . . . Parts Melted . | . . . . . Heat Transferred 50 | . . 50 . . Parts Sabotaged . | . . . . . Parts Stolen . | . . . . . Parts Stripped . | . . . . . Power Chain Reactions . | . . . . . Alert | -11 -10 -10 -10 -9 ------- Run | Yrd Mat Min Exi Min Maximum Alert Level 2 | . . 2 . . Low Security (%) 70 | 100 100 17 . 100 Level 1 27 | . . 75 . . Level 2 2 | . . 6 . . Level 3 . | . . . . . Level 4 . | . . . . . Level 5 . | . . . . . High Security . | . . . . . Max Security . | . . . . . Peak Influence 406 | . 146 406 . 14 Initial 33 | . . 33 . . Average 130 | . 78 256 . 3 Influence Increases 745 | . 226 493 . 26 Destroy 0b10 Robot/C 320 | . 80 240 . . Destroy 0b10 Robot/NC 40 | . 35 5 . . Destroy Leader 72 | . 22 50 . . Allied During Kill 28 | . . 28 . . Disable Machine 75 | . 30 45 . . Destroy Structure 210 | . 59 125 . 26 Influence Decreases 743 | . 140 183 396 24 Entered New Map 449 | . . 53 396 . Time Decay 250 | . 140 110 . . Lost Part 44 | . . 20 . 24 Squads Dispatched 1 | . 1 . . . Investigation . | . . . . . Extermination . | . . . . . Reinforcement 1 | . 1 . . . Assault . | . . . . . Garrison . | . . . . . Intercept . | . . . . . Searches Triggered . | . . . . . Construction Impeded . | . . . . . Haulers Reinforced . | . . . . . Active Scanning Responses . | . . . . . Cargo Convoy Interrupts . | . . . . . Stealth | -11 -10 -10 -10 -9 --------- Run | Yrd Mat Min Exi Min Distress Signals . | . . . . . Communications Jammed . | . . . . . Distress Signals . | . . . . . Times Spotted 22 | . 8 12 . 2 Peak Tracking Total 3 | . 3 3 . 2 Tactical Retreats . | . . . . . Traps | -11 -10 -10 -10 -9 ------- Run | Yrd Mat Min Exi Min Traps Triggered . | . . . . . Indirectly . | . . . . . Trap Hack Attempts . | . . . . . Triggered . | . . . . . Disarmed . | . . . . . Reprogrammed . | . . . . . Reused . | . . . . . Traps Extracted . | . . . . . Installed . | . . . . . Triggered . | . . . . . Machines | -11 -10 -10 -10 -9 ---------- Run | Yrd Mat Min Exi Min Machines Disabled 5 | . 2 3 . . Max in Single Turn 2 | . 1 2 . . Machines Repaired . | . . . . . Machines Dismantled . | . . . . . Machines Sabotaged . | . . . . . Overloaded Fab Kills . | . . . . . Hacking | -11 -10 -10 -10 -9 --------- Run | Yrd Mat Min Exi Min Machines Accessed 2 | . 1 . 1 . Terminals 1 | . 1 . . . Fabricators . | . . . . . Repair Stations . | . . . . . Recycling Units . | . . . . . Scanalyzers . | . . . . . Garrison Access . | . . . . . Total Hacks 3 | . 2 . 1 . Successful 1 | . . . 1 . Failed 2 | . 2 . . . Catastrophic 1 | . 1 . . . Database Lockouts . | . . . . . Manual 3 | . 2 . 1 . Terminals 2 | . 2 . . . Fabricators . | . . . . . Repair Stations . | . . . . . Recycling Units . | . . . . . Scanalyzers . | . . . . . Garrison Access . | . . . . . Terminal Hacks 1 | . . . 1 . Proto ID Catalog 1 | . . . 1 . Fabricator Hacks . | . . . . . Repair Station Hacks . | . . . . . Recycling Unit Hacks . | . . . . . Scanalyzer . | . . . . . Garrison Access Hacks . | . . . . . Unauthorized Hacks . | . . . . . Terminals . | . . . . . Fabricators . | . . . . . Repair Stations . | . . . . . Recycling Units . | . . . . . Scanalyzers . | . . . . . Garrison Access . | . . . . . Data Cores Recovered 1 | . 1 . . . Used 1 | . 1 . . . Hacking Detections 1 | . 1 . . . Full Trace Events 1 | . 1 . . . Feedback Events . | . . . . . Feedback Blocked . | . . . . . Robot Schematics Acquired . | . . . . . Robots Built . | . . . . . Authchips . | . . . . . Time . | . . . . . Total Robot Build Rating . | . . . . . Part Schematics Acquired . | . . . . . Parts Built . | . . . . . Authchips . | . . . . . Time . | . . . . . Total Part Build Rating . | . . . . . Part Studies Acquired . | . . . . . Parts Repaired . | . . . . . Time . | . . . . . Parts Recycled . | . . . . . Recycled Matter . | . . . . . Retrieved Matter . | . . . . . Retrieved Components . | . . . . . Parts Scanalyzed . | . . . . . Part Schematics Acquired . | . . . . . Parts Damaged . | . . . . . Bothacking | -11 -10 -10 -10 -9 ------------ Run | Yrd Mat Min Exi Min Used RIF Installer . | . . . . . Robots Hacked . | . . . . . Non-combat . | . . . . . Combat . | . . . . . Robot Hacks Applied . | . . . . . Relay Couplers Released . | . . . . . Fabnet Peak Effective % . | . . . . . Robots Rewired . | . . . . . Allies Hacked . | . . . . . Hacks Repelled . | . . . . . Allies | -11 -10 -10 -10 -9 -------- Run | Yrd Mat Min Exi Min Total Allies 3 | . . 3 . . Largest Group 3 | . . 3 2 . Highest-Rated Group 80 | . . 80 62 . Highest-Rated Ally 31 | . . 31 31 . Total Orders . | . . . . . Ally Attacks 15 | . . 15 . . Total Damage 130 | . . 130 . . Kills 3 | . . 3 . . Allies Corrupted . | . . . . . Allies Melted . | . . . . . Intel | -11 -10 -10 -10 -9 ------- Run | Yrd Mat Min Exi Min Active Infowar (turns) . | . . . . . Robot Analysis Total . | . . . . . Derelict Logs Recovered 1 | . . . . 1 Drone Launches . | . . . . . Drone Recoveries . | . . . . . Exploration | -11 -10 -10 -10 -9 ------------- Run | Yrd Mat Min Exi Min Turns Passed 1041 | 54 317 229 402 39 Spaces Moved 628 | 42 196 123 251 16 Core 15 | 15 . . . . Treads 436 | . 46 123 251 16 Legs 177 | 27 150 . . . Wheels . | . . . . . Hover . | . . . . . Flight . | . . . . . Fastest Speed 50 | 50 120 160 160 160 Average Speed 146 | 95 129 160 160 160 Slowest Speed 160 | 120 160 160 160 160 Overloaded Moves . | . . . . . Propulsion Burnouts . | . . . . . Robots Hopped . | . . . . . Potential Cave-ins . | . . . . . Cave-ins Triggered . | . . . . . Exploration Rate (%) 32 | 4 41 42 62 12 Regions Visited 4 Branch Regions 3 Pre-discovered Areas . | . . . . . Known Exits Taken . | . . . . . Unknown Exits Taken 4 | 1 1 1 1 . Scrap Searched . | . . . . . Spaces Dug . | . . . . . Terrain Destroyed 307 | . 64 197 . 46 Melee . | . . . . . Projectile . | . . . . . AOE 307 | . 64 197 . 46 Terrain Rammed . | . . . . . Walls Destroyed . | . . . . . Machines Disabled . | . . . . . Actions | -11 -10 -10 -10 -9 --------- Run | Yrd Mat Min Exi Min Total 701 | 56 236 135 252 22 Wait . | . . . . . Move 624 | 41 195 122 250 16 Hop . | . . . . . Pick Up 23 | 9 13 . 1 . Fast Attach . | . . . . . Attach 14 | 6 5 2 . 1 Detach 1 | . 1 . . . Swap 2 | . 1 . . 1 Drop 8 | . 7 . 1 . Fire 28 | . 14 10 . 4 Melee . | . . . . . Ram . | . . . . . Kick . | . . . . . Crush 1 | . . 1 . . Escape Stasis . | . . . . . Rewire . | . . . . . Trap . | . . . . . Miscellaneous . | . . . . . Route ------- -11/Scrapyard -10/Materials (discovered 2 exits: [*Mat] / [*Min]) -10/Mines -10/Exiles -9/Mines (discovered 1 exit: Mat) History --------- Turn | Location | Event 21 | -11/Scrapyard | Discovered new exit (range 15) 55 | -11/Scrapyard | Entered Materials 160 | -10/Materials | Discovered new exit (range 11) 324 | -10/Materials | Discovered new exit (range 16) 332 | -10/Materials | Build established: Mutant 372 | -10/Materials | Entered Mines 559 | -10/Mines | Received a Mining Laser from a helpful Derelict 593 | -10/Mines | Deemed a non-threat by the Exiles lab entrance 595 | -10/Mines | Discovered new exit (range 5) 601 | -10/Mines | Entered Exiles 601 | -10/Exiles | Accompanied by 2 allies 631 | -10/Exiles | Led the pair of lost Derelicts to a safe place 640 | -10/Exiles | Met 8R-AWN 669 | -10/Exiles | Met EX-HEX 718 | -10/Exiles | Met EX-BIN 737 | -10/Exiles | Aligned with FarCom system 739 | -10/Exiles | Given EX-Vault access code 776 | -10/Exiles | Opened EX-Vault 786 | -10/Exiles | Found Prototype Storage 803 | -10/Exiles | Identified Lightpack 2.0 875 | -10/Exiles | Warned to stay clear of 0b10 Research branches 921 | -10/Exiles | Met EX-DEC 985 | -10/Exiles | Discovered new exit (range 12) 1003 | -10/Exiles | Left Exiles lab with Lightpack 2.0 1003 | -10/Exiles | Entered Mines 1004 | -9/Mines | Assembled infested the area 1016 | -9/Mines | Identified exit to Materials 1028 | -9/Mines | Core integrity fell below 50% 1035 | -9/Mines | Core integrity fell below 20% 1042 | -9/Mines | Destroyed by D-53 Grenadier with Mini Grenade Launcher Last Messages --------------- EX-DEC: Ah I see we have a visitor. One wrong move in here and I'll invert your atomic chain! 00923_ EX-DEC: "Oops, I hope HEX didn't hear that..." 00985_ EXIT=FOUND LOCATION=UNKNOWN GOAL=ESCAPE 01003_ Receiving FarCom transmissions... 01004_ ALERT: Infestation in the mines, dispatching Demolisher response squad. 01016_ Acquired derelict log, extracted data. Loading 1 Mines exit... 01025_ Imp. Treads destroyed. 01025_ Lgt. Ion Engine destroyed. 01025_ D-53 Grenadier destroyed. 01028_ The unstable cave ceiling collapses. 01038_ U-05 Engineer lays Concrete. 01038_ Mni. Grenade Launcher destroyed. 01039_ U-05 Engineer lays Concrete. 01040_ The unstable cave ceiling collapses. 01040_ U-05 Engineer lays Concrete. Map ----- +----------------------------------------------------+ | ????????????????????????????????? | | ????????????????????????????????? | | ????????????????????????????????? | | ????????????????????????????????? | | ????????????????????????????????? | | ????????????????????????????????? | | ????????????????????????????????? | | ????????????????????????????????? | | ????????????????????????????????? | | ????????????????????????????????? | | ????????????????????????????????? | | ????????????????????????????????? | | ????????????????????????????????? | | ?????????????????#??????????????? | | ???????????????? ???????????????? | | ??????????????? ????????????????? | | ?????????????? #????????????????? | | ?????????????? #????????????????? | | ????#######?? #????????????????? | | ???## ## ##???##??????????? | | ??## # # ## ##?????????? | | ??# ?????????? | | ??# # #????????? | | ??# < ????????? | | ??# #?????????? | | ??# @ # ????????? | | ??## d uu ??